 Dungeon Sprint DCSS version 0.31-a0-983-g7b6862f502 (webtiles) character file.

Game seed: 10885892992162015605

115 rocky1 the Covered (level 4, -3/44 HPs)
             Began as an Armataur Fighter on Nov 3, 2023.
             Slain by a human
             ... wielding a +0 spear
              (18 damage)
             ... in the Dungeon (Sprint III: "The Ten Rune Challenge").
             The game lasted 00:00:42 (449 turns).

rocky1 the Covered (Armataur Fighter)                Turns: 449, Time: 00:00:42

Health: -3/44      AC:  7    Str: 24    XL:     4   Next: 68%
Magic:  4/4        EV:  7    Int:  8    God:
Gold:   17         SH:  5    Dex:  9    Spells: 3/3 levels left

rFire   . . .        a - +0 flail
rCold   . . .        c - +0 buckler
rNeg    . . .        b - +0 scale mail
rPois   .            (no helmet)
rElec   .            (no cloak)
rCorr   .            (no gloves)
SInv    .            (no barding)
Will    .....        (no amulet) Stlth
                     (no ring)
HPRegen 0.27/turn    (no ring)
MPRegen 0.09/turn

%: no teleportation, roll
@: hasted, very quick
A: large, rugged brown scales 3, deformed body, armoured tail, roll, long
tongue, awkward tongue
a: no special abilities


You were in the Dungeon.
You visited 1 branch You collected 17 gold pieces.

Inventory:

Hand Weapons
 a - a +0 flail (weapon)
Armour
 b - a +0 scale mail (worn)
 c - a +0 buckler (worn)
Scrolls
 j - a scroll of blinking
 m - a scroll of torment {unknown}
 n - 2 scrolls of identify {unknown}
 p - 3 scrolls of immolation {unknown}
Potions
 d - a potion of might
 e - 3 potions of curing
 f - a potion of heal wounds
 h - 2 potions of magic
 k - a potion of degeneration {unknown}
 l - 3 potions of mutation {unknown}
 o - 2 potions of enlightenment


   Skills:
 + Level 5.3 Fighting
 + Level 3.6 Maces & Flails
 + Level 6.9 Armour
 + Level 0.2 Dodging
 + Level 6.3 Shields


You had 3 spell levels left.
You didn't know any spells.
Your spell library was empty.

Dungeon Overview and Level Annotations

Branches:
Dungeon (1/1)

Altars:
Okawaru
Trog
Uskayaw
Wu Jian


Innate Abilities, Weirdness & Mutations

You are completely covered in rugged brown scales. (AC +3, +7% HP)
Armour fits poorly on your strangely shaped body.
You have a long armoured tail.
You roll when moving toward enemies. (Rampage)
Your long tongue fully drains potion bottles. (2x potion effects)
Your tongue gives you trouble enunciating. (1.5x scroll delay)


Message History

You start resting.
You feel a strong urge to attack something.
You start resting.
You feel your anger nearly subside.
You start resting.
Your blood rage is quickly leaving you.
Unknown command.
You start resting.
You are no longer berserk.
You are exhausted.
You feel yourself slow down.
You start resting.
You feel yourself speed up.
You start resting.
You recover from your berserk rage.
You start resting.
HP restored.
You start waiting.
You start waiting.
There is an open door to the Ecumenical Temple here.
There is a fountain of clear blue water here.
You open the door.
A human comes into view.
The human shouts!
You hear a shout!
Found a leather armour.
Found five altars.
Unknown command.
You feel yourself speed up.
You slurp down every last drop of the potion of haste!
A human comes into view. It is wielding a +0 spear.
The human rages.
You hit the human.
The human is lightly wounded.
The human hits you from afar with a +0 spear!
You barely miss the human.
The human is lightly wounded.
The human hits you from afar with a +0 spear!
You roll towards the human!
You closely miss the human. You block the human's attack. The human hits you!
The human hits you from afar with a +0 spear!!
You die...

▓▓▓▓▓ ▓▓▓ ....♣♣♣ ♣.#
##### ......♣ ♣.# #___#
....♣.♣ ♣.# #p_.#
....~.♣♣♣♣.###+#'###+##
...~~...♣..#....@p....#
..~~~~.♣...'.⌠........#
..~≈≈~~~...#...######+#
.~~≈~~~....#.⌠.#
.~≈~~~.....#...#
.~~~.÷.....#+###
...........#
...........#
▓▓▓▓▓▓▓▓▓▓▓▓


You could see 2 humans.

Vanquished Creatures
  A water elemental (D)
  Jessica (D)
  A human (D)
  A phantom (D)
  2 endoplasms (D)
6 creatures vanquished.

Notes
Turn   | Place    | Note
-------+----------+-------------------------------------------
     0 | D        | rocky1 the Armataur Fighter began the quest for the Orb.
     0 | D        | Reached XP level 1. HP: 19/19 MP: 1/1
    11 | D        | Noticed Jessica
    14 | D        | Killed Jessica
    15 | D        | Reached skill level 5 in Armour
    15 | D        | Reached XP level 2. HP: 24/28 MP: 2/2
    15 | D        | Reached XP level 3. HP: 31/35 MP: 3/3
    55 | D        | Reached skill level 5 in Shields
   198 | D        | Noticed a water elemental
   204 | D        | Killed a water elemental
   205 | D        | Reached skill level 5 in Fighting
   205 | D        | Reached XP level 4. HP: 16/44 MP: 4/4
   444 | D        | Found a hide-covered altar of Uskayaw.
   444 | D        | Found an iron altar of Okawaru.
   444 | D        | Found a bloodstained altar of Trog.
   444 | D        | Found an ornate altar of the Wu Jian Council.
   444 | D        | Noticed a human
   445 | D        | Noticed a human
   449 | D        | Slain by a human

Illustrated notes

Levels and vault maps discovered:
D:        dungeon_sprint_mu [sprint_mu_entry_forest, sprint_mu_temple_rooms,
          sprint_mu_d1_spiders, sprint_mu_d2_genie, sprint_mu_d3_branching,
          sprint_mu_orc_legion, sprint_mu_elf_gauntlet, sprint_mu_hive_nellie,
          sprint_mu_lair_fedhas, sprint_mu_vaults_butterflies,
          sprint_mu_slime_circle, sprint_mu_swamp_cave, sprint_mu_shoals_archi,
          sprint_mu_blade_basic, sprint_mu_crypt_lich, sprint_mu_tomb_spiral,
          sprint_mu_vestibule_basic, sprint_mu_gehenna_hellfire,
          sprint_mu_dis_giant, sprint_mu_tartarus_statrot,
          sprint_mu_cocytus_islands, sprint_mu_zot1]

Skill      XL: |  1  2  3 |
---------------+----------+-----
Fighting       | 4 5 |  5.3
Armour         | 5 6 |  6.9
Maces & Flails | 2 3 |  3.6
Shields        | 4 6 |  6.3
Dodging        | |  0.2

Action                     |  1- 3 |  4- 6 || total
---------------------------+-------+-------++-------
  Melee: Flail             |    27 |     3 ||    30
         Tailslap          |     1 |       ||     1
    Use: Potion            |     1 |     1 ||     2
 Armour: Scale mail        |    23 |     4 ||    27
  Dodge: Dodged            |     3 |       ||     3
  Block: Buckler           |     2 |     1 ||     3

Table legend: (Time is in decaauts)
 A = Elapsed time spent in this place.
 B = Non-inter-level travel time spent in this place.
 C = Inter-level travel time spent in this place.
 D = Time resting spent in this place.
 E = Time spent auto-exploring this place.
 F = Levels seen in this place.
 G = Mean time per level.
                   A        B        C        D        E       F      G
               +--------+--------+--------+--------+--------+-----+--------+
         Total |    466 |    466 |      0 |    349 |      0 |   1 |  466.0 |
       Dungeon |    466 |    466 |      0 |    349 |      0 |   1 |  466.0 |
               +--------+--------+--------+--------+--------+-----+--------+

Top non-repeatable levels by time:
       D: 466 daAuts
